 Dungeon Crawl Stone Soup version 0.31-a0-859-g9dce7d3444 (webtiles) character file.

Game seed: 5017348362760152496

30143 lunkers the Black Belt (level 14, -8/121 HPs)
             Began as a Meteoran Shapeshifter on Oct 9, 2023.
             Was a High Priest of Okawaru.
             Mangled by an anaconda simulacrum (18 damage)
             ... in an ice cave.
             The game lasted 00:24:10 (7207 turns).

lunkers the Black Belt (Meteoran Shapeshifter)      Turns: 7207, Time: 00:24:10

Health: -8/121     AC: 16    Str: 16    XL:     14   Next: 20%
Magic:  21/21      EV: 17    Int: 13    God:    Okawaru [*****.]
Gold:   596        SH:  5    Dex: 18    Spells: 13/13 levels left

rFire   . .          .
                       - Unarmed
rCold   . . .        k - melded +0 buckler
rNeg    . . .        M - +0 swamp dragon scales
rPois   +            o - +0 helmet
rElec   .            (no cloak)
rCorr   .            x - +0 pair of gloves
SInv    .            l - +0 pair of boots
Will    ++...        v - amulet of reflection
Stlth   +            i - +4 ring of protection
HPRegen 0.40/turn    w - ring of willpower
MPRegen 0.17/turn

%: reflection
@: flux-form, heroic, glowing, constricted
A: glow, contaminating, sense surroundings 2, otherworldly, glowing, explore
regen
a: Begin Untransformation, Renounce Religion, Heroism, Finesse, Duel


You were in an ice cave.
You worshipped Okawaru.
Okawaru was extremely pleased with you.
You were something dangerously unstable.
You visited 3 branches of the dungeon, and saw 15 of its levels.
You also visited: Ice Cave.

You collected 596 gold pieces.

Inventory:

Missiles
 D - 2 throwing nets
 F - 3 curare-tipped darts
 L - 3 datura-tipped darts
 P - 2 silver javelins
Armour
 f - a +1 ring mail
 k - a +0 buckler (melded)
 l - a +0 pair of boots (worn)
 o - a +0 helmet (worn)
 t - +0 steam dragon scales
 x - a +0 pair of gloves (worn)
 M - +0 swamp dragon scales (worn)
Jewellery
 i - a +4 ring of protection (left hand)
 j - a +6 ring of intelligence
 v - an amulet of reflection (around neck)
 w - a ring of willpower (right hand)
 y - a ring of see invisible
 A - a +4 ring of slaying
 E - an amulet of guardian spirit
 J - a ring of magical power
Talismans
 c - a beast talisman
 d - a flux talisman (active)
Wands
 b - a wand of flame (45)
 z - a wand of roots (9)
 G - a wand of paralysis (5)
Scrolls
 g - a scroll of fog
 n - 2 scrolls of teleportation
 C - 2 scrolls of revelation
 K - a scroll of vulnerability
 O - a scroll of poison
Potions
 a - a potion of invisibility
 e - 2 potions of attraction
 h - 4 potions of might
 m - 4 potions of magic
 p - a potion of brilliance
 q - 2 potions of haste
 r - 4 potions of ambrosia
 s - 2 potions of berserk rage
 u - 2 potions of curing
 B - a potion of enlightenment
 H - a potion of heal wounds
 I - a potion of degeneration


   Skills:
 + Level 10.3(15.3) Fighting
 + Level 10.5(15.5) Dodging
 * Level 17.2(22.2) Unarmed Combat
 - Level 8.0 Invocations
 + Level 11.6 Shapeshifting


You had 13 spell levels left.
You didn't know any spells.
Your spell library contained the following spells:

 Spells                   Type           Power      Damage    Failure   Level
 Magic Dart               Conj           0%         1d3       50%         1
 Wereblood                Tmut           0%         N/A       63%         2
 Mephitic Cloud           Conj/Pois/Air  0%         N/A       86%         3
 Ozocubu's Armour         Ice            0%         N/A       86%         3
 Sigil of Binding         Hex            0%         N/A       86%         3
 Dimensional Bullseye     Hex/Tloc       0%         N/A       99%         4
 Leda's Liquefaction      Hex/Erth       0%         N/A       99%         4
 Irradiate                Conj/Tmut      0%         3d11      100%        5
 Ozocubu's Refrigeration  Ice            0%         4d7       100%        7
 Chain Lightning          Conj/Air       0%         N/A       100%        9
 Fire Storm               Conj/Fire      0%         5d1       100%        9
 Shatter                  Erth           0%         3d5*      100%        9
 Call Imp                 Summ           Unusable   N/A       N/A         2
 Call Canine Familiar     Summ           Unusable   N/A       N/A         3

Dungeon Overview and Level Annotations

Branches:
Dungeon (11/15) Zot: 1250  Temple (1/1) D:5 Zot: 468    Lair (3/5) D:11 Zot: 544
  Swamp (0/4) Lair:3        Snake (0/4) Lair:3          Orc (0/2) D:11
  IceCv (1/1) Zot: 417

Altars:
Ashenzari
Cheibriados
Elyvilon
Fedhas
Gozag
Hepliaklqana
Kikubaaqudgha
Makhleb
Nemelex Xobeh
Okawaru
Qazlal
Ru
Sif Muna
Uskayaw
Vehumet
Wu Jian
Xom
Yredelemnul
Zin
The Shining One

Shops:
D:5 :   D:7 ?   D:11 *

Annotations:
D:6 3 runed translucent doors, varamyr's ghost, novice DsFi
Lair:2 exclusion: 4 oklob plants


Innate Abilities, Weirdness & Mutations

You are something dangerously unstable.
You glow with magical radiation, making you easy to see and hit.
Foes you strike become dangerously contaminated with magical radiation.
You are incapable of wielding weapons or throwing items.
You passively map the area around you.
You are easily found by Zot.
You glow in the dark.
You regain HP and MP as you explore.


Message History

The harpy simulacrum is moderately damaged.
The harpy simulacrum completely misses you.
The harpy simulacrum claws you but does no damage.
You punch the harpy simulacrum!
The harpy simulacrum glows dangerously bright.
The harpy simulacrum is severely damaged.
The harpy simulacrum misses you. The harpy simulacrum barely misses you.
You block the harpy simulacrum's attack.
The harpy simulacrum claws you but does no damage.
You hit the harpy simulacrum.
The harpy simulacrum shudders as magic cascades through it!!
The harpy simulacrum vaporises!
Okawaru accepts your kill.
Okay, then.
You open the door.
An anaconda simulacrum comes into view.
You barely miss the anaconda simulacrum.
The anaconda simulacrum grabs you. The anaconda simulacrum bites you.
* * * LOW HITPOINT WARNING * * *
The anaconda simulacrum freezes you!
* * * LOW HITPOINT WARNING * * *
The anaconda simulacrum constricts you.
* * * LOW HITPOINT WARNING * * *
You hit the anaconda simulacrum.
The anaconda simulacrum begins to glow.
The anaconda simulacrum is lightly damaged.
The anaconda simulacrum bites you but does no damage.
The anaconda simulacrum constricts you.
Unknown command.
You hit the anaconda simulacrum.
The anaconda simulacrum glows dangerously bright.
The anaconda simulacrum is lightly damaged.
You block the anaconda simulacrum's attack.
The anaconda simulacrum constricts you.
* * * LOW HITPOINT WARNING * * *
You barely miss the anaconda simulacrum.
The anaconda simulacrum is lightly damaged.
The anaconda simulacrum bites you.
* * * LOW HITPOINT WARNING * * *
The anaconda simulacrum freezes you!!
You die...

###'#...#'###
,#.'.......'.#
###.8...8.###
*
#.'.......'.#
,###.8...8.###
+...........+
###.8...8.###,
* +.......'.#
* #.8...8p###,
+.......Z.# *+
*####+###### ,
* 8 , * * ,*
** , * * *,, *
* ,


You could see an anaconda simulacrum (heavy contam).

Vanquished Creatures
  Gastronok (D:11)
  A hydra (Lair:3)
  Harold (D:9)
  A two-headed ogre (D:10)
  A death yak (D:11)
  Amaemon (D:10)
  A swamp dragon (Lair:3)
  A flayed ghost (D:8)
  2 ice statues (IceCv)
  2 elephants (Lair:1)
  5 slime creatures (D:11)
  A torpor snail (Lair:3)
  3 rime drakes
  8 cane toads
  An orange demon (D:10)
  A kobold demonologist (D:10)
  2 komodo dragons
  2 anaconda simulacra (IceCv)
  3 ice devils (IceCv)
  A queen bee (Lair:2)
  A troll (D:11)
  A polar bear (Lair:1)
  9 blink frogs
  5 wraiths
  Sigmund (D:4)
  2 wyverns
  2 shadows
  A dire elephant simulacrum (IceCv)
  13 fire bats (D:8)
  13 yaks
  3 basilisks
  Eustachio (D:4)
  3 steam dragons
  2 vampire mosquitoes (D:10)
  A two-headed ogre zombie (D:11)
  A harpy simulacrum (IceCv)
  3 nagas (Lair:3)
  3 hydra simulacra (IceCv)
  13 water moccasins
  Edmund (D:4)
  A black bear (D:5)
  4 orc warriors
  2 ice beasts
  A wolf (Lair:1)
  An ogre (D:6)
  9 centaurs
  2 phantoms (D:11)
  6 kobold brigands
  12 bullfrogs
  A gnoll sergeant (D:9)
  2 scorpions
  4 wights (D:9)
  An elephant simulacrum (IceCv)
  3 troll zombies (D:11)
  30 killer bees
  An electric eel (D:8)
  3 howler monkeys (D:7)
  A crimson imp (D:6)
  6 hounds
  4 orc priests
  3 jellies
  3 iguanas
  2 sleepcaps
  4 orc wizards
  A troll simulacrum (IceCv)
  2 spriggan simulacra (IceCv)
  4 ogre zombies (D:11)
  Robin (D:3)
  4 gnolls (D:3)
  6 adders
  A river rat (Lair:2)
  2 shadow imps (D:6)
  An ufetubus (IceCv)
  A worm (D:4)
  The ghost of Kurtz the Sneak, a weakling NaDe (D:5)
  2 dart slugs (D:5)
  22 orcs
  4 endoplasms
  A giant cockroach (D:1)
  9 goblins
  8 hobgoblins
  2 quokkas
  4 ball pythons
  42 bats
  A goblin skeleton (D:11)
  2 goblin zombies (D:11)
  A hobgoblin skeleton (D:11)
  A hobgoblin zombie (D:11)
  32 kobolds
  5 orc skeletons (D:11)
  15 orc zombies (D:11)
  5 rats
404 creatures vanquished.

Notes
Turn   | Place    | Note
-------+----------+-------------------------------------------
     0 | D:1      | lunkers the Meteoran Shapeshifter began the quest for the
                  | Orb.
     0 | D:1      | Reached XP level 1. HP: 16/16 MP: 2/2
    87 | D:1      | Reached XP level 2. HP: 8/23 MP: 3/3
   104 | D:1      | Reached skill level 4 in Unarmed Combat
   234 | D:1      | Found a faded altar of an unknown god.
   328 | D:2      | Reached XP level 3. HP: 28/28 MP: 4/4
   462 | D:2      | Found a sparkling altar of Nemelex Xobeh.
   505 | D:2      | Reached XP level 4. HP: 35/35 MP: 5/5
   673 | D:3      | Reached skill level 5 in Unarmed Combat
   679 | D:3      | Reached XP level 5. HP: 34/40 MP: 6/6
   761 | D:3      | Noticed Robin
   778 | D:3      | Killed Robin
   822 | D:3      | Reached skill level 6 in Unarmed Combat
   865 | D:3      | Reached XP level 6. HP: 39/47 MP: 7/7
   908 | D:3      | Reached skill level 5 in Shapeshifting
  1003 | D:4      | Noticed Edmund
  1014 | D:4      | Killed Edmund
  1015 | D:4      | Reached skill level 7 in Unarmed Combat
  1015 | D:4      | Reached XP level 7. HP: 37/52 MP: 8/8
  1075 | D:4      | Noticed Sigmund
  1086 | D:4      | Killed Sigmund
  1087 | D:4      | Reached skill level 8 in Unarmed Combat
  1383 | D:4      | Noticed Eustachio
  1392 | D:4      | Killed Eustachio
  1393 | D:4      | Reached XP level 8. HP: 56/60 MP: 9/9
  1450 | D:5      | Entered Level 5 of the Dungeon
  1450 | D:5      | Found Boawuwim's Book Emporium.
  1526 | D:5      | Found a staircase to the Ecumenical Temple.
  1539 | Temple   | Entered the Ecumenical Temple
  1546 | Temple   | Became a worshipper of Warmaster Okawaru
  1733 | D:5      | Reached skill level 9 in Unarmed Combat
  1858 | D:5      | Noticed Kurtz's ghost (weakling NaDe)
  1877 | D:5      | Found a runed translucent door.
  1893 | D:5      | Killed Kurtz's ghost
  1957 | D:6      | Gained mutation: You passively map the area around you.
                  | [Meteoran growth]
  1957 | D:6      | Reached XP level 9. HP: 69/69 MP: 10/10
  2087 | D:6      | Found a runed translucent gate.
  2092 | D:6      | Found a runed translucent gate.
  2093 | D:6      | Found a runed translucent gate.
  2093 | D:6      | Noticed varamyr's ghost (novice DsFi)
  2111 | D:6      | Found a burning altar of Makhleb.
  2114 | D:6      | Found a radiant altar of Vehumet.
  2118 | D:6      | Reached * piety under Okawaru
  2343 | D:6      | Reached skill level 10 in Unarmed Combat
  2444 | D:6      | Found a shimmering altar of Xom.
  2524 | D:7      | Found Zuod Xig's Magic Scroll Emporium.
  2580 | D:7      | Reached skill level 1 in Invocations
  2745 | D:7      | Reached ** piety under Okawaru
  2821 | D:7      | Reached skill level 5 in Dodging
  2975 | D:7      | Reached XP level 10. HP: 67/80 MP: 12/12
  3451 | D:8      | Reached skill level 11 in Unarmed Combat
  3467 | D:8      | Found a glowing golden altar of the Shining One.
  3478 | D:8      | Found a white marble altar of Elyvilon.
  3565 | D:8      | Found a sacrificial altar of Ru.
  3609 | D:8      | Identified the +6 spear of the Big Fish {drain, rF+ rC+
                  | Dex+4}
  3699 | D:8      | Reached skill level 5 in Fighting
  3713 | D:8      | Found a runed translucent door.
  3757 | D:8      | Found a sparkling altar of Nemelex Xobeh.
  3762 | D:8      | Reached *** piety under Okawaru
  3786 | D:8      | Found a broken altar of Ashenzari.
  3829 | D:8      | Found a broken altar of Ashenzari.
  3841 | D:8      | Reached skill level 12 in Unarmed Combat
  3853 | D:8      | Noticed a flayed ghost
  3872 | D:8      | Killed a flayed ghost
  3872 | D:8      | Reached **** piety under Okawaru
  3873 | D:8      | Reached XP level 11. HP: 89/89 MP: 13/15
  3895 | D:8      | Found a sparkling altar of Nemelex Xobeh.
  3906 | D:8      | Reached skill level 5 in Invocations
  3942 | D:8      | Found a glowing golden altar of the Shining One.
  4016 | D:8      | Found an ancient bone altar of Kikubaaqudgha.
  4068 | D:8      | Found a stormy altar of Qazlal.
  4351 | D:9      | Reached ***** piety under Okawaru
  4369 | D:9      | Reached skill level 13 in Unarmed Combat
  4607 | D:9      | Noticed Harold
  4617 | D:9      | Killed Harold
  4649 | D:10     | Entered Level 10 of the Dungeon
  4760 | D:10     | Noticed a two-headed ogre
  4761 | D:10     | Noticed a sixfirhy
  4780 | D:10     | Killed a two-headed ogre
  4788 | D:10     | Reached XP level 12. HP: 46/100 MP: 18/18
  5036 | D:10     | Noticed Amaemon
  5053 | D:10     | Killed Amaemon
  5054 | D:10     | Reached skill level 14 in Unarmed Combat
  5095 | D:10     | Found a broken altar of Ashenzari.
  5173 | D:11     | Found a staircase to the Orcish Mines.
  5192 | D:11     | Received a gift from Okawaru
  5369 | D:11     | Noticed Gastronok
  5384 | D:11     | Killed Gastronok
  5428 | D:11     | Found a staircase to the Lair.
  5428 | D:11     | Noticed a death yak
  5476 | D:11     | Killed a death yak
  5477 | D:11     | Reached skill level 10 in Shapeshifting
  5578 | D:11     | Found Imeofaroqazu's General Store.
  5621 | Lair:1   | Entered Level 1 of the Lair of Beasts
  5653 | Lair:1   | Received a gift from Okawaru
  5654 | Lair:1   | Reached skill level 15 in Unarmed Combat
  5806 | Lair:1   | Reached XP level 13. HP: 72/108 MP: 20/20
  6199 | Lair:1   | Received a gift from Okawaru
  6336 | Lair:1   | Reached skill level 16 in Unarmed Combat
  6535 | Lair:2   | Received a gift from Okawaru
  6567 | Lair:2   | Reached skill level 10 in Dodging
  6845 | Lair:3   | Noticed a six-headed hydra
  6853 | Lair:3   | Killed a six-headed hydra
  6889 | Lair:3   | Found a staircase to the Snake Pit.
  6906 | Lair:3   | Reached skill level 10 in Fighting
  6939 | Lair:3   | Found a staircase to the Swamp.
  6950 | Lair:3   | Reached XP level 14. HP: 102/121 MP: 18/21
  6983 | Lair:3   | Found a frozen archway.
  7000 | IceCv    | Entered an ice cave
  7036 | IceCv    | Reached skill level 17 in Unarmed Combat
  7061 | IceCv    | Received a gift from Okawaru
  7207 | IceCv    | Mangled by an anaconda simulacrum

Illustrated notes

Levels and vault maps discovered:
D:1:      kennysheep_arrival_seaside, layout_loops_cross,
          shapermc_ecumenical_altar_venn, roderic_lattice_a
D:2:      layout_basic, basic_altar, uniq_natasha, uniq_jessica
D:3:      layout_loops_ring, minivault_4, chequers_serial_rivers_small_3,
          uniq_robin
D:4:      layout_loops_cross, hangedman_abyss_or_decor_jellyfish_corner,
          uniq_eustachio, uniq_edmund, uniq_sigmund
D:5:      layout_cave_pools, minmay_temple_entry_large_hall, serial_shops, shop,
          hellmonk_ghost_happy_afterlife
D:6:      layout_gridville, grunt_temple_overflow_lords_of_destruction,
          minitemple, gammafunk_ghost_cemetery, minivault_23
D:7:      layout_basic, serial_shops, shop
D:8:      due_megacathedral, layout_rooms, nicolae_overflow_squiral,
          nicolae_qazlal_style_of_elements, mainiacjoe_overflow_alcove_4
D:9:      layout_cave_pools, grunt_livestock, kennysheep_generic_room_16,
          uniq_harold
D:10:     minmay_evil_eye, layout_irregular_city, kennysheep_mini, uniq_amaemon
D:11:     layout_basic, david_lair_generic, zombieorc2_lemuel, serial_shops,
          nicolae_shop_tiny_glass, uniq_gastronok
Temple:   nicolae_temple_no_exploring_needed
Lair:1:   layout_cave_pods
Lair:2:   hangedman_what_comes_after_a, layout_gridlike, grunt_megastairs_5,
          infiniplex_staircase_pool
Lair:3:   layout_small_grid, minmay_swamp_entry_reptiles,
          minmay_snake_entry_guardpost_small, portal_ice_cave_rime,
          infiniplex_staircase_pool_2
IceCv:    ice_cave_tombish

Skill      XL: |  1  2  3  4  5  6  7  8  9 10 11 12 13 14 |
---------------+-------------------------------------------+-----
Unarmed Combat | 4 5 6 7 8 9 10 12 13 15 16 17 | 17.2
Shapeshifting  | 4 5 6 7 8 9 10 11 | 11.6
Fighting       | 3 4 6 7 8 10 | 10.3
Dodging        | 3 5 6 7 8 10 | 10.5
Invocations    | 2 4 7 8 |  8.0

Action                     |  1- 3 |  4- 6 |  7- 9 | 10-12 | 13-15 || total
---------------------------+-------+-------+-------+-------+-------++-------
  Melee: Unarmed           |    55 |    93 |   182 |   612 |   439 ||  1381
         Punch             |     1 |     5 |    10 |       |       ||    16
 Invoke: Heroism           |       |       |       |     7 |     8 ||    15
    Use: Potion            |       |     1 |     2 |     1 |     2 ||     6
         Scroll            |       |       |    13 |     7 |     7 ||    27
 Armour: Animal skin       |    11 |       |       |       |       ||    11
         Ring mail         |    23 |    51 |    84 |       |       ||   158
         Skin              |       |     5 |    19 |       |       ||    24
         Steam dragon scal |       |       |    13 |   312 |   203 ||   528
         Swamp dragon scal |       |       |       |       |    39 ||    39
  Dodge: Dodged            |    37 |    34 |    71 |   444 |   476 ||  1062
  Block: Other             |       |       |     9 |    76 |   127 ||   212
         Reflection        |       |       |     6 |    16 |       ||    22
         Buckler           |       |       |    25 |   166 |       ||   191
   Form: Flux              |       |       |       |     1 |       ||     1

Table legend: (Time is in decaauts)
 A = Elapsed time spent in this place.
 B = Non-inter-level travel time spent in this place.
 C = Inter-level travel time spent in this place.
 D = Time resting spent in this place.
 E = Time spent auto-exploring this place.
 F = Levels seen in this place.
 G = Mean time per level.
                   A        B        C        D        E       F      G
               +--------+--------+--------+--------+--------+-----+--------+
         Total |   6918 |   6744 |    174 |    170 |   3759 |  16 |  432.4 |
       Dungeon |   5349 |   5175 |    174 |     70 |   3279 |  11 |  486.3 |
        Temple |    131 |    131 |      0 |    100 |      0 |   1 |  131.0 |
          Lair |   1255 |   1255 |      0 |      0 |    447 |   3 |  418.3 |
      Ice Cave |    181 |    181 |      0 |      0 |     33 |   1 |  181.0 |
               +--------+--------+--------+--------+--------+-----+--------+

Top non-repeatable levels by time:
     D:7: 910 daAuts
     D:8: 771 daAuts
  Lair:1: 575 daAuts
     D:6: 548 daAuts
  Lair:2: 512 daAuts
    D:10: 508 daAuts
     D:4: 504 daAuts
     D:9: 439 daAuts
    D:11: 399 daAuts
     D:5: 340 daAuts
     D:1: 322 daAuts
     D:2: 320 daAuts
     D:3: 281 daAuts
   IceCv: 181 daAuts
  Lair:3: 167 daAuts
